 Dungeon Crawl Stone Soup version 0.22.1-1-ga44c0e5 (webtiles) character file.

11302 Loudmushroom the Cleaver (level 11, -11/71 HPs)
             Began as a Gargoyle Fighter on Sept 28, 2018.
             Was a High Priest of Okawaru.
             Mangled by an orc warlord
             ... wielding a +0 great mace
              (29 damage)
             ... on level 9 of the Dungeon on Sept 29, 2018.
             The game lasted 01:06:20 (11982 turns).

Loudmushroom the Cleaver (Gargoyle Fighter)        Turns: 11982, Time: 01:06:21

Health: -11/71     AC: 39    Str: 22    XL:     11   Next: 75%
Magic:  13/14      EV:  9    Int:  9    God:    Okawaru [*****.]
Gold:   461        SH: 13    Dex: 10    Spells: 10/10 levels left

rFire    + . .     SeeInvis .   a - +4 war axe (freeze)
rCold    + . .     Gourm    .   c - +0 shield
rNeg     + . .     Faith    .   K - +0 plate armour
rPois    ∞         Spirit   .   (no helmet)
rElec    +         Reflect  .   A - +1 cloak
rCorr    .         Harm     .   N - +3 pair of gloves of Detsevia {rF+}
MR       .....                  h - +1 pair of boots
Stlth    ..........             (no amulet)
HPRegen  0.21/turn              g - +5 ring of protection
MPRegen  0.14/turn              G - ring of protection from cold

@: heroism
A: negative energy resistance 1, electricity resistance, unbreathing,
petrification resistance, rot immunity, AC +8
a: Heroism, Finesse, Renounce Religion


You were on level 9 of the Dungeon.
You worshipped Okawaru.
Okawaru was extremely pleased with you.
You were not hungry.

You visited 2 branches of the dungeon, and saw 10 of its levels.

You collected 461 gold pieces.

Inventory:

Hand Weapons
 a - a +4 war axe of freezing (weapon)
 b - a +0 hunting sling
 n - a +0 mace
 q - a +0 trident
 B - a +0 flail
 C - a +0 hand crossbow
 H - a cursed -3 mace
 P - a +1 scimitar of flaming
 V - a +1 hand axe of flaming
 W - a +0 morningstar
Missiles
 e - 178 stones
 k - 18 bolts
 p - 109 sling bullets
 t - 30 poisoned needles
 T - 6 tomahawks (quivered)
Armour
 c - a +0 shield (worn)
 h - a +1 pair of boots (worn)
 A - a +1 cloak (worn)
 E - a +0 pair of gloves
 K - a +0 plate armour (worn)
 N - the +3 pair of gloves of Detsevia (worn) {rF+}
   (You found it on level 8 of the Dungeon)

   It protects you from fire.
Jewellery
 g - a +5 ring of protection (left hand)
 m - an uncursed ring of resist corrosion
 x - a +3 ring of strength
 G - a ring of protection from cold (right hand)
 I - an uncursed ring of protection from fire
Wands
 w - a wand of iceblast (24)
 J - a wand of flame (37)
 M - a wand of paralysis (14)
 R - a wand of scattershot (4)
 S - a wand of enslavement (17)
 U - a wand of disintegration (15)
Scrolls
 i - 2 scrolls of identify
 l - a scroll of random uselessness {unknown}
 o - 3 scrolls of teleportation
 y - 3 scrolls of immolation
 Q - a scroll of blinking {unknown}
Potions
 d - 2 potions of might
 j - 2 potions of berserk rage
 r - a potion of ambrosia {unknown}
 s - 4 potions of curing
 u - a potion of mutation {unknown}
 v - 3 potions of flight
 z - a potion of lignification {unknown}
 D - a potion of haste {unknown}
 F - a potion of brilliance {unknown}
 L - a potion of invisibility {unknown}
Comestibles
 f - 16 rations
 O - 11 chunks of flesh


   Skills:
 + Level 9.3(14.3) Fighting
 * Level 10.4(15.4) Axes
 + Level 9.3(14.3) Armour
 + Level 9.3(14.3) Shields
 + Level 5.3 Invocations


You had 10 spell levels left.
You didn't know any spells.
Your spell library contained the following spells:

 Spells                   Type           Power        Failure   Level  Hunger
 Beastly Appendage        Tmut           #.....       99%         1    ##.....
 Sandblast                Erth           #.....       99%         1    ##.....
 Summon Small Mammal      Summ           #...         99%         1    ##.....
 Call Imp                 Summ           #.......     100%        2    ###....
 Passwall                 Tmut/Erth      #.......     100%        2    ###....
 Sticks to Snakes         Tmut           #.......     100%        2    ###....
 Call Canine Familiar     Summ           #.......     100%        3    ####...
 Spider Form              Tmut/Pois      #.........   100%        3    ####...
 Stone Arrow              Conj/Erth      #.....       100%        3    ####...
 Summon Guardian Golem    Hex/Summ       #.......     100%        3    ####...
 Ice Form                 Ice/Tmut       #.......     100%        4    #####..
 Petrify                  Tmut/Erth      #.......     100%        4    #####..
 Summon Ice Beast         Ice/Summ       #.......     100%        4    #####..
 Summon Lightning Spire   Summ/Air       #.......     100%        4    #####..
 Blade Hands              Tmut           #.........   100%        5    ######.
 Lee's Rapid Deconstruct  Erth           #.........   100%        5    ######.


Dungeon Overview and Level Annotations

Branches:
Dungeon (9/15)             Temple (1/1) D:5
   Lair: D:8-11         Orc: D:9-12

Altars:
Ashenzari
Cheibriados
Dithmenos
Elyvilon
Fedhas
Gozag
Hepliaklqana
Kikubaaqudgha
Makhleb
Nemelex Xobeh
Okawaru
Qazlal
Ru
Sif Muna
Trog
Uskayaw
Vehumet
Wu Jian
Xom
Yredelemnul
Zin
The Shining One

Shops:
D:5 *


Innate Abilities, Weirdness & Mutations

You are resistant to torment.
Your stone body is resilient. (AC +8)
You are immune to poison.
You resist negative energy. (rN+)
You are resistant to electric shocks. (rElec)
You can survive without breathing.
You are immune to petrification.
You are immune to rotting.


Message History

You kill the orc warrior!
Okawaru accepts your kill.
You hit the orc knight. You freeze the orc knight.
You hit the orc warlord but do no damage.
The orc warlord roars a battlecry!
The orc knight goes into a battle-frenzy!
You hit the orc warlord but do no damage.
The orc warlord is lightly wounded.
You completely miss the orc knight. The orc knight hits you with a halberd.
* * * LOW HITPOINT WARNING * * *
The orc warlord hits you but does no damage.
You slice the orc warlord!!
The orc warlord is moderately wounded.
You hit the orc knight but do no damage.
You block the orc knight's attack.
You hit the orc warlord. You freeze the orc warlord.
The orc warlord is moderately wounded.
You hit the orc knight but do no damage.
The orc warlord hits you with a great mace!!
You die...

≈≈≈≈≈≈≈≈≈≈≈≈≈≈≈≈#####≈≈.÷..#
................#...#≈≈....#
#################...#≈≈....#
...#....'....#'###≈≈....#
########....#.#.≈≈≈....#
#..ooo..)...#.#.≈≈≈....#
.≈≈.........#''##.#.≈≈≈....#
.≈≈.........#..oo.#.≈≈≈....#
....#.......#..)@)#.≈≈≈..P.#
###########)#####.#.≈≈≈....#
....'.......#...#.#.≈≈≈....#
....#.......# #...#.≈≈≈....#
....#.......#...#'###≈≈....#
''''#############...#≈≈P...#
.[..............#...#≈≈....#
....≈≈≈≈≈≈≈≈≈≈≈≈#####≈≈....#
....≈≈≈≈≈≈≈≈≈≈≈≈≈≈≈≈≈≈≈....#


You could see an orc warlord and an orc knight.

Vanquished Creatures
  Erica (D:8)
  A two-headed ogre (D:9)
  An orc knight (D:9)
  Maurice (D:8)
  A hippogriff (D:5)
  Eustachio (D:5)
  6 yaks (D:9)
  A steam dragon (D:7)
  Menkaure (D:5)
  14 wargs (D:9)
  2 hungry ghosts
  2 ice beasts
  10 orc warriors
  2 phantoms
  7 necrophages (D:7)
  6 ogres
  6 centaurs
  6 bullfrogs
  A wyvern zombie (D:7)
  A water moccasin zombie (D:7)
  5 scorpions
  3 killer bees (D:8)
  8 wights
  3 howler monkeys
  An electric eel (D:6)
  6 crimson imps
  A bullfrog zombie (D:6)
  A quasit (D:9)
  A centaur zombie (D:7)
  7 hounds
  A jelly (D:5)
  Crazy Yiuf (D:3)
  A centaur skeleton (D:8)
  9 orc priests
  A bullfrog skeleton (D:6)
  A gnoll shaman (D:6)
  An iguana (D:4)
  8 orc wizards
  13 worker ants
  2 hound zombies
  A hound skeleton (D:4)
  2 mummies (D:7)
  A worker ant zombie (D:8)
  10 adders
  3 shadow imps (D:6)
  An ooze (D:1)
  An adder zombie (D:8)
  3 dart slugs (D:1)
  6 leopard geckos
  46 orcs
  A ball python (D:5)
  5 giant cockroaches
  7 goblins
  7 hobgoblins
  5 jackals
  5 kobolds
  6 quokkas
  A ball python skeleton (D:4)
  4 bats
  8 frilled lizards
  A jackal zombie (D:7)
  A leopard gecko zombie (D:7)
  2 quokka zombies
  7 rats
  A plant (D:9)
280 creatures vanquished.

Vanquished Creatures (others)
  A ball python (D:5)
1 creature vanquished.

Grand Total: 281 creatures vanquished

Notes
Turn   | Place    | Note
-------+----------+-------------------------------------------
     0 | D:1      | Loudmushroom the Gargoyle Fighter began the quest for the
                  | Orb.
     0 | D:1      | Reached XP level 1. HP: 14/14 MP: 1/1
    44 | D:1      | Reached skill level 2 in Axes
   206 | D:1      | Reached XP level 2. HP: 19/19 MP: 2/2
   483 | D:1      | Reached XP level 3. HP: 19/23 MP: 3/3
  1327 | D:2      | Reached XP level 4. HP: 27/29 MP: 4/4
  2308 | D:3      | Reached skill level 3 in Axes
  2603 | D:3      | Found a runed door.
  2662 | D:3      | Noticed Crazy Yiuf
  2665 | D:3      | Killed Crazy Yiuf
  2665 | D:3      | Reached XP level 5. HP: 33/33 MP: 5/5
  2835 | D:4      | Found a burning altar of Makhleb.
  3140 | D:4      | Reached XP level 6. HP: 36/38 MP: 6/6
  3233 | D:4      | Reached skill level 4 in Axes
  3380 | D:4      | Reached XP level 7. HP: 33/44 MP: 7/7
  3853 | D:5      | Entered Level 5 of the Dungeon
  3863 | D:4      | Reached skill level 5 in Shields
  3931 | D:5      | Reached skill level 5 in Fighting
  3931 | D:5      | Reached skill level 5 in Armour
  4007 | D:5      | Reached skill level 5 in Axes
  4083 | D:5      | Found a staircase to the Ecumenical Temple.
  4095 | Temple   | Entered the Ecumenical Temple
  4399 | D:5      | Reached XP level 8. HP: 50/50 MP: 8/8
  4409 | D:5      | Noticed Menkaure
  4416 | D:5      | Killed Menkaure
  4485 | D:5      | Noticed a hippogriff
  4493 | D:5      | Killed a hippogriff
  4661 | D:5      | Noticed Eustachio
  4684 | D:5      | Killed Eustachio
  4684 | D:5      | Reached skill level 6 in Axes
  4812 | D:5      | Found Leosoeto's Assorted Antiques.
  5144 | D:5      | Found a shimmering altar of Xom.
  5350 | D:6      | Reached XP level 9. HP: 20/56 MP: 9/9
  5692 | D:6      | Reached skill level 7 in Axes
  6170 | D:6      | Found an ornate altar of the Wu Jian Council.
  6184 | D:6      | Found an opulent altar of Gozag.
  6184 | D:6      | Found a glowing golden altar of the Shining One.
  7207 | D:7      | Reached skill level 8 in Axes
  7269 | D:7      | Found an iron altar of Okawaru.
  7690 | D:7      | Reached XP level 10. HP: 63/63 MP: 10/10
  7758 | D:7      | Became a worshipper of Warmaster Okawaru
  7823 | D:7      | Reached skill level 1 in Invocations
  7993 | D:7      | Reached * piety under Okawaru
  8596 | D:8      | Got a pair of ancient gloves
  8616 | D:8      | Identified the +3 pair of gloves of Detsevia {rF+} (You
                  | found it on level 8 of the Dungeon)
  8920 | D:8      | Noticed Erica
  8942 | D:8      | Killed Erica
  8942 | D:8      | Reached ** piety under Okawaru
  8942 | D:8      | Reached skill level 9 in Axes
  9272 | D:8      | Noticed Maurice
  9284 | D:8      | Killed Maurice
  9336 | D:8      | Found a snail-covered altar of Cheibriados.
  9611 | D:9      | Reached *** piety under Okawaru
  9708 | D:9      | Reached XP level 11. HP: 66/69 MP: 13/13
  9952 | D:9      | Noticed a two-headed ogre
  9983 | D:9      | Killed a two-headed ogre
 10263 | D:9      | Reached **** piety under Okawaru
 10278 | D:9      | Reached skill level 10 in Axes
 10931 | D:9      | Reached skill level 5 in Invocations
 11514 | D:9      | Noticed an orc knight
 11658 | D:9      | Killed an orc knight
 11954 | D:9      | Noticed an orc knight
 11954 | D:9      | Noticed an orc warlord
 11977 | D:9      | Reached ***** piety under Okawaru
 11982 | D:9      | Mangled by an orc warlord

Skill      XL: |  1  2  3  4  5  6  7  8  9 10 11 |
---------------+----------------------------------+-----
Axes           | 2 3 4 5 6 8 9 10 | 10.4
Shields        | 4 5 6 7 8 9 |  9.3
Fighting       | 4 5 6 7 8 9 |  9.3
Armour         | 4 5 6 7 8 9 |  9.3
Invocations    | 3 5 |  5.3

Action                   |  1- 3 |  4- 6 |  7- 9 | 10-12 || total
-------------------------+-------+-------+-------+-------++-------
Melee: War axe           |   122 |   111 |   446 |   486 ||  1165
Invok: Heroism           |       |       |       |     3 ||     3
  Use: Scroll            |       |       |     9 |     5 ||    14
  Eat: Chunk             |     2 |     6 |    12 |    13 ||    33
       Ration            |       |       |     1 |     1 ||     2
Armor: Scale mail        |    76 |    77 |    74 |       ||   227
       Chain mail        |       |       |   161 |       ||   161
       Plate armour      |       |       |   114 |   301 ||   415
Dodge: Dodged            |    47 |    50 |   123 |    90 ||   310
Block: Shield            |    72 |    81 |   316 |   248 ||   717
